 Dungeon Crawl Stone Soup version 0.28.0-47-ge53b351184 (webtiles) character file.

Game seed: 4294804494032350972

250 Kaptain the Digger (level 6, -5/36 HPs)
             Began as a Gargoyle Earth Elementalist on Apr 28, 2022.
             Slain by a small abomination (7 damage)
             ... on level 3 of the Dungeon.
             The game lasted 00:05:58 (3695 turns).

Kaptain the Digger (Gargoyle Earth Elementalist)    Turns: 3695, Time: 00:05:58

Health: -5/36      AC:  8    Str: 17    XL:     6   Next: 13%
Magic:  0/10       EV: 11    Int: 18    God:
Gold:   81         SH:  0    Dex: 10    Spells: 7/11 levels left

rFire   . . .      SeeInvis .   f - +0 flail
rCold   . . .      Faith    .   (no shield)
rNeg    + . .      Spirit   .   z - +0 leather armour
rPois   ∞          Reflect  .   (no helmet)
rElec   +          Harm     .   (no cloak)
rCorr   .          Rampage  .   (no gloves)
Will    .....                   q - +0 pair of boots
Stlth   ++........              l - amulet of magic regeneration
HPRegen 0.12/turn               m - +6 ring of strength
MPRegen 0.52/turn               (no ring)

@: no status effects
A: sickness immunity, AC +4, negative energy resistance 1, electricity
resistance, torment resistance 1, petrification resistance
a: no special abilities


You were on level 3 of the Dungeon.
You visited 1 branch of the dungeon, and saw 3 of its levels.

You collected 81 gold pieces.

Inventory:

Hand Weapons
 a - a +0 short sword
 f - a +0 flail (weapon)
 y - a +0 trident
Missiles
 c - 59 stones
 p - 26 sling bullets
Armour
 b - a +0 robe
 q - a +0 pair of boots (worn)
 z - a +0 leather armour (worn)
Jewellery
 l - an amulet of magic regeneration (around neck)
 m - a +6 ring of strength (left hand)
 t - a ring of ice
Wands
 v - a wand of iceblast (7)
Scrolls
 d - 3 scrolls of holy word {unknown}
 e - 3 scrolls of enchant weapon {unknown}
 h - a scroll of enchant armour {unknown}
 i - 3 scrolls of identify {unknown}
 j - a scroll of torment {unknown}
 n - a scroll of fear {unknown}
 r - a scroll of amnesia {unknown}
 u - a scroll of acquirement {unknown}
 x - 2 scrolls of teleportation {unknown}
Potions
 g - a potion of mutation {unknown}
 k - a potion of resistance {unknown}
 o - a potion of heal wounds {unknown}
 s - a potion of might {unknown}
 w - a potion of degeneration {unknown}


   Skills:
 * Level 2.4 Fighting
 + Level 1.6 Armour
 + Level 2.1 Dodging
 - Level 2.1 Stealth
 * Level 3.2 Spellcasting
 * Level 2.4 Conjurations
 - Level 0.7 Transmutations
 * Level 4.9 Earth Magic


You had 7 spell levels left.
You knew the following spells:

 Your Spells              Type           Power      Damage    Failure   Level
a - Sandblast             Erth           40%        2d10      2%          1
b - Stone Arrow           Conj/Erth      32%        3d9       13%         3

Your spell library contained the following spells:

 Spells                   Type           Power      Damage    Failure   Level
 Passwall                 Tmut/Erth      10%        N/A       9%          2
 Gell's Gravitas          Tloc           2%         N/A       50%         3
 Teleport Other           Tloc           2%         N/A       50%         3
 Petrify                  Tmut/Erth      13%        N/A       52%         4
 Dispersal                Tloc           1%         N/A       100%        6


Dungeon Overview and Level Annotations

Branches:
Dungeon (3/15)

Altars:

Portals:
Abyss: D:3

Annotations:
D:3 1 transporter, Eitelfritz's ghost, amateur KoBr


Innate Abilities, Weirdness & Mutations

You are immune to sickness and miasma.
Your stone body is resilient. (AC +4)
You are immune to poison.
You resist negative energy. (rN+)
You are resistant to electric shocks. (rElec)
You are resistant to unholy torment.
You are immune to petrification.


Message History

The small abomination misses you.
Unknown command.
Casting: Sandblast (safe; 2% risk of failure)
Confirm with . or Enter, or press ? or * to list all spells.
Aiming: Sandblast (safe; 2% risk of failure)
Press: ? - help, Shift-Dir - straight line, f/p - small abomination
Aim: a small abomination (almost destroyed, 85% to hit)
The blast of sand hits the small abomination.
You destroy the small abomination!
The small abomination hits you!
You have reached level 6!
Casting: Sandblast (safe; 2% risk of failure)
Confirm with . or Enter, or press ? or * to list all spells.
Aiming: Sandblast (safe; 2% risk of failure)
Press: ? - help, Shift-Dir - straight line, f - small abomination
Aim: a small abomination (81% to hit)
The blast of sand hits the small abomination!
The small abomination is moderately damaged.
The small abomination closely misses you.
Unknown command.
Casting: Sandblast (safe; 2% risk of failure)
Confirm with . or Enter, or press ? or * to list all spells.
Aiming: Stone Arrow (quite dangerous; 13% risk of failure)
Press: ? - help, Shift-Dir - straight line, f/p - small abomination
Aim: a small abomination (moderately damaged, 68% to hit)
The stone arrow hits the small abomination!
The small abomination is almost destroyed.
The small abomination hits you! x2
* * * LOW HITPOINT WARNING * * *
Okay, then.
Okay, then.
Casting: Stone Arrow (quite dangerous; 13% risk of failure)
Confirm with . or Enter, or press ? or * to list all spells.
Aiming: Sandblast (safe; 2% risk of failure)
Press: ? - help, Shift-Dir - straight line, f/p - small abomination
Aim: a small abomination (almost destroyed, 81% to hit)
The blast of sand hits the small abomination but does no damage.
The small abomination is almost destroyed.
The small abomination hits you!
You die...

...........##......####....###...
##..##.#.#.##...####..##..##5#...
...............##.....:#..#..#...
.#..##.#.#.....#.#.^.###..##.##..
.#.....#.#.##..##...###...##..#..
.#.###.#.#.##...##..#....##.#.#..
†#.# #.#.#.#....##..##.###.. ##..
.#.###.#.#.#...##x#..###...###...
...............#@.#.....#..#.....
##.###.#...##..##.####..##.##....
#.# #..........##.#...©..# ##...
#.# #.##.###....#.^#.###### ##..
#.# #....<.....##...##©.# .#.#..
#.# #.##.##....#..###...###.##..
#.###.##.###...####.......###...
#.....##...................©....
#.###.##.##.....................


You could see a small abomination.

Vanquished Creatures
  A small abomination (D:3)
  A scorpion (D:3)
  5 adders
  2 worms
  A dart slug (D:1)
  7 orcs (D:3)
  7 ball pythons
  4 bats
  5 endoplasms
  2 giant cockroaches (D:1)
  3 goblins
  6 hobgoblins
  4 quokkas
  4 frilled lizards
  12 kobolds
  8 rats
72 creatures vanquished.

Notes
Turn   | Place    | Note
-------+----------+-------------------------------------------
     0 | D:1      | Kaptain the Gargoyle Earth Elementalist began the quest for
                  | the Orb.
     0 | D:1      | Reached XP level 1. HP: 10/10 MP: 3/3
   437 | D:1      | Reached XP level 2. HP: 10/16 MP: 1/5
  1091 | D:1      | Reached skill level 4 in Earth Magic
  1153 | D:1      | Found a faded altar of an unknown god.
  1161 | D:1      | Reached XP level 3. HP: 20/20 MP: 6/6
  1165 | D:1      | Learned a level 3 spell: Stone Arrow
  1272 | D:1      | Reached skill level 1 in Fighting
  1272 | D:1      | Reached skill level 1 in Conjurations
  2085 | D:2      | Reached XP level 4. HP: 25/25 MP: 5/7
  2212 | D:2      | Reached skill level 1 in Armour
  2903 | D:3      | Noticed a scorpion
  2954 | D:3      | Killed a scorpion
  2955 | D:3      | Reached XP level 5. HP: 21/30 MP: 1/9
  3076 | D:3      | Found a transporter.
  3119 | D:3      | Found a transporter.
  3149 | D:3      | Found a one-way gate to the infinite horrors of the Abyss.
  3149 | D:3      | Noticed Eitelfritz's ghost (amateur KoBr)
  3160 | D:3      | Noticed a small abomination
  3693 | D:3      | Reached XP level 6. HP: 24/36 MP: 4/10
  3695 | D:3      | Slain by a small abomination

Illustrated notes

Levels and vault maps discovered:
D:1:      kennysheep_arrival_forest, layout_basic,
          hellmonk_ecumenical_altar_arch_garden
D:2:      layout_loops_ring, hangedman_decor_points, minmay_fountain_box
D:3:      layout_basic, gammafunk_ghost_abyssal_escape

Skill      XL: |  1  2  3  4  5 |
---------------+----------------+-----
Earth Magic    | 4 |  4.9
Fighting       | 1 2 |  2.4
Conjurations   | 1 2 |  2.4
Armour         | 1 |  1.6
Dodging        | 2 |  2.1
Spellcasting   | 3 |  3.2
Stealth        | |  2.1
Transmutations | |  0.7

Action                   |  1- 3 |  4- 6 || total
-------------------------+-------+-------++-------
Melee: Unarmed           |     5 |       ||     5
       Flail             |    53 |    20 ||    73
       Punch             |     1 |       ||     1
 Cast: Sandblast         |    29 |    54 ||    83
       Stone Arrow       |       |     8 ||     8
 Stab: Sleeping          |     3 |       ||     3
Armor: Robe              |    19 |    12 ||    31
       Leather armour    |       |     2 ||     2
Dodge: Dodged            |    53 |    42 ||    95
